 Dungeon Crawl Stone Soup version 0.26-a0-651-gb41185065b (webtiles) character file.

Game seed: 4150346934629151591

366 Irenicus the Carver (level 6, -1/51 HPs)
             Began as a Minotaur Chaos Knight on Oct 29, 2020.
             Was a Plaything of Xom.
             Slain by a gnoll
             ... wielding a +0 flail
              (9 damage)
             ... on level 3 of the Dungeon.
             The game lasted 00:06:35 (1913 turns).

Irenicus the Carver (Minotaur Chaos Knight)         Turns: 1913, Time: 00:06:36

Health: -1/51      AC:  5    Str: 16    XL:     6   Next: 40%
Magic:  5/5        EV: 11    Int:  9    God:    Xom [*.....]
Gold:   178        SH:  0    Dex: 12    Spells: 5/5 levels left

rFire    . . .     SeeInvis .   a - +0 falchion (chaos)
rCold    . . .     Faith    .   (no shield)
rNeg     . . .     Spirit   .   b - +2 leather armour
rPois    .         Reflect  .   (helmet restricted)
rElec    .         Harm     .   (no cloak)
rCorr    .         Rampage  .   (no gloves)
MR       .....                  (no boots)
Stlth    +.........             (no amulet)
HPRegen  0.17/turn              (no ring)
MPRegen  0.09/turn              (no ring)

@: no status effects
A: retaliatory headbutt, horns 2
a: Renounce Religion


You were on level 3 of the Dungeon.
You worshipped Xom.
You were a special plaything of Xom.
You visited 1 branch of the dungeon, and saw 3 of its levels.

You collected 178 gold pieces.

Inventory:

Hand Weapons
 a - a +0 falchion of chaos (weapon)
Armour
 b - a +2 leather armour (worn)
 v - a +1 chain mail of magic resistance
   (You took it off Terence on level 3 of the Dungeon)
Jewellery
 i - an uncursed ring of ice {rC+, rF-}
   (You found it on level 1 of the Dungeon)
Scrolls
 d - a scroll of random uselessness {unknown}
 f - a scroll of magic mapping {unknown}
 h - a scroll of enchant weapon {unknown}
 l - 5 scrolls of identify {unknown}
 m - a scroll of noise {unknown}
 o - 2 scrolls of enchant armour {unknown}
 r - a scroll of fog {unknown}
 s - a scroll of remove curse {unknown}
 t - a scroll of amnesia {unknown}
 u - a scroll of teleportation {unknown}
 w - a scroll of blinking {unknown}
Potions
 c - a potion of mutation {unknown}
 e - a potion of brilliance {unknown}
 g - a potion of haste
 j - 2 potions of heal wounds
 k - 2 potions of berserk rage {unknown}
 n - a potion of curing {unknown}
 p - a potion of ambrosia {unknown}
 q - a potion of cancellation {unknown}


   Skills:
 - Level 3.6 Fighting
 + Level 8.8 Long Blades
 - Level 2.4 Armour
 - Level 1.1 Dodging


You had 5 spell levels left.
You didn't know any spells.
Your spell library was empty.

Dungeon Overview and Level Annotations

Branches:
Dungeon (3/15)

Altars:
Trog
Xom


Innate Abilities, Weirdness & Mutations

You reflexively headbutt those who attack you in melee.
You have a pair of horns on your head.


Message History

You barely miss the adder.
You headbutt the adder, but do no damage.
The bat closely misses you. The bat hits you but does no damage.
The adder bites you.
You take 1 damage, and have 49/51 hp.
You slash the adder! You drain the adder.
You kill the adder!
The bat closely misses you.
You riposte.
You barely miss the bat. The bat hits you but does no damage.
You see here an adder corpse.
The bat hits you but does no damage.
You see here 10 gold pieces.
You now have 163 gold pieces (gained 10).
The bat hits you but does no damage. The bat barely misses you.
The bat hits you.
You see here an adder corpse.
You take 1 damage, and have 49/51 hp.
The bat closely misses you.
You riposte.
You closely miss the bat. Your headbutt misses the bat.
The bat hits you but does no damage.
You miss the bat. The bat closely misses you.
You riposte.
You hit the bat. You burn the bat.
The bat is severely wounded.
The bat misses you.
You completely miss the bat.
The bat is moderately wounded.
The bat hits you but does no damage. The bat hits you.
You take 1 damage, and have 49/51 hp.
The bat barely misses you.
You hit the bat. You burn the bat.
You kill the bat!
l - 5 scrolls labeled NOERHE CITOLI (gained 1)
w - a scroll labeled FYHUZA VAAL You now have 178 gold pieces (gained 15).
You see here an adder corpse.
A goblin comes into view. It is wielding a +0 club.
Found a stone staircase leading down.
Health restored: 51 The goblin shouts!
You hear a shout!
The goblin barely misses you.
You barely miss the goblin. The goblin hits you with a +0 club.
You take 2 damage, and have 49/51 hp.
You closely miss the goblin. The goblin hits you with a +0 club.
You take 3 damage, and have 46/51 hp.
You hit the goblin.
The goblin is severely wounded.
The goblin misses you.
You hit the goblin.
You kill the goblin! 2 gnolls come into view.
The gnoll moves out of view.
You see here a +0 club.
A frilled lizard and a gnoll come into view.
The gnoll shouts! x2; The frilled lizard hisses angrily.
The frilled lizard moves out of view.
You barely miss the gnoll.
The gnoll hits you from afar with a +0 halberd.
The gnoll hits you with a +0 flail!
You take 14 damage, and have 32/51 hp.
MASSIVE DAMAGE!!
You see here a +0 club.
You aren't carrying any items that you can evoke.
The gnoll barely misses you. The gnoll hits you but does no damage.
You hit the gnoll. You drain the gnoll.
The gnoll is severely wounded.
You hit the gnoll.
You kill the gnoll!
The gnoll closely misses you.
You hit the gnoll but do no damage. The gnoll hits you with a +0 halberd!
The frilled lizard barely misses you. You furiously retaliate!
You headbutt the frilled lizard!
You kill the frilled lizard!
You take 8 damage, and have 26/51 hp.
You completely miss the gnoll. Your headbutt misses the gnoll.
The gnoll barely misses you.
You riposte.
You hit the gnoll but do no damage.
The gnoll seems to slow down.
Your headbutt misses the gnoll. You hit the gnoll.
The gnoll suddenly stops moving!
You headbutt the gnoll.
The gnoll is severely wounded.
The gnoll hits you with a +0 flail!
* * * LOW HITPOINT WARNING * * *
You take 12 damage, and have 14/51 hp.
MASSIVE DAMAGE!!
The helpless gnoll fails to defend itself.
You hit the gnoll. You burn the gnoll. You headbutt the gnoll.
The gnoll is almost dead.
The gnoll closely misses you.
You closely miss the gnoll. The gnoll hits you but does no damage.
You closely miss the gnoll. You barely miss the gnoll.
Your headbutt misses the gnoll.
The gnoll is no longer paralysed.
The gnoll hits you with a +0 flail!
* * * LOW HITPOINT WARNING * * *
The gnoll misses you.
You riposte.
You hit the gnoll but do no damage.
The gnoll flickers and vanishes!
Deactivating autopickup; reactivate with Ctrl-A.
Your headbutt misses something.
You take 7 damage, and have 8/51 hp.
You hit something. Lightning courses through something!
Reactivating autopickup.
You feel a bit more experienced. The gnoll hits you with a +0 flail!
You die...

.# #.# ## .# #.. ..
###.###########..
#####g##>............#..
.....g.....#########.#.#
.###.l##)#.# ####...# #.
#)#.# #..[...# #..##g#.#
####.###.## #..)@...#
#...)..#..# #.###.###
#......##.#
#.###.#####......##.#
#.............(.###..
######†########### ##.
#......##############.
#.....................
#......###....#######.
#......# #....# #..


You could see a gnoll.

Vanquished Creatures
  An orc priest (D:3)
  2 orc wizards (D:3)
  Natasha (twice) (D:3)
  Terence (D:3)
  Robin (D:3)
  4 adders
  5 gnolls (D:3)
  An ooze (D:3)
  An adder skeleton (D:2)
  2 worms (D:2)
  4 dart slugs
  2 leopard geckos
  6 orcs (D:3)
  A giant cockroach (D:2)
  10 hobgoblins
  8 jackals
  2 quokkas
  7 bats
  3 frilled lizards
  11 goblins
  3 kobolds
  12 rats
89 creatures vanquished.

Vanquished Creatures (others)
  A goblin (D:3)
1 creature vanquished.

Grand Total: 90 creatures vanquished

Notes
Turn   | Place    | Note
-------+----------+-------------------------------------------
     0 | D:1      | Irenicus the Minotaur Chaos Knight began the quest for the
                  | Orb.
     0 | D:1      | Reached XP level 1. HP: 19/19 MP: 0/0
    30 | D:1      | XOM: silly message
    32 | D:1      | XOM: silly message
    85 | D:1      | Reached skill level 4 in Long Blades
   121 | D:1      | Reached XP level 2. HP: 14/26 MP: 1/1
   503 | D:2      | Reached skill level 5 in Long Blades
   513 | D:2      | Noticed a moth of wrath
   516 | D:2      | Found a bloodstained altar of Trog.
   529 | D:2      | Reached XP level 3. HP: 21/31 MP: 2/2
   657 | D:2      | XOM: silly message
   802 | D:2      | Reached skill level 6 in Long Blades
   802 | D:2      | Reached XP level 4. HP: 37/39 MP: 3/3
  1029 | D:2      | XOM: 1-stop teleportation journey
  1080 | D:2      | XOM: silly message
  1160 | D:2      | XOM: silly message
  1183 | D:2      | XOM: divination: magic mapping
  1354 | D:3      | XOM: blink monster(s)
  1368 | D:3      | XOM: 2-stop teleportation journey
  1369 | D:3      | Noticed Robin
  1369 | D:3      | Noticed Natasha
  1372 | D:3      | HP: 8/39 [something (4)]
  1381 | D:3      | XOM: polymorph goblin -> bat
  1386 | D:3      | HP: 8/39 [bat[Robin] (1)]
  1389 | D:3      | Killed Natasha
  1389 | D:3      | Reached skill level 7 in Long Blades
  1389 | D:3      | Reached XP level 5. HP: 8/45 MP: 4/4
  1395 | D:3      | HP: 6/45 [jackal (3)]
  1399 | D:3      | XOM: scenery: create altars
  1401 | D:3      | HP: 2/45 [gnoll/+0 spear (5)]
  1429 | D:3      | Killed Robin
  1429 | D:3      | Reached skill level 8 in Long Blades
  1432 | D:3      | XOM: polymorph hobgoblin -> dart slug
  1433 | D:3      | XOM: enchant monster (bad)
  1461 | D:3      | HP: 2/45 [orc wizard/magic dart (6)]
  1463 | D:3      | Reached XP level 6. HP: 2/51 MP: 5/5
  1788 | D:3      | Noticed Natasha
  1792 | D:3      | Killed Natasha
  1831 | D:3      | Noticed Terence
  1839 | D:3      | Killed Terence
  1844 | D:3      | XOM: silly message
  1912 | D:3      | HP: 8/51 [gnoll/+0 flail (7)]
  1913 | D:3      | Slain by a gnoll

Illustrated notes

Levels and vault maps discovered:
D:1:      ncdulo_watergridlock, layout_basic, minivault_11
D:2:      layout_basic, tgw_trog
D:3:      layout_basic, uniq_crazy_yiuf_cottage, uniq_terence, uniq_robin,
          uniq_natasha

Skill      XL: |  1  2  3  4  5 |
---------------+----------------+-----
Long Blades    | 4 5 6 7 8 |  8.8
Fighting       | |  3.6
Armour         | |  2.4
Dodging        | |  1.1

Action                   |  1- 3 |  4- 6 || total
-------------------------+-------+-------++-------
Melee: Falchion          |    67 |    79 ||   146
       Headbutt          |     8 |    12 ||    20
Evoke: Wand              |       |    27 ||    27
  Use: Potion            |       |     3 ||     3
 Stab: Paralysed         |       |     4 ||     4
       Invisible         |       |     1 ||     1
       Sleeping          |       |     1 ||     1
Armor: Leather armour    |    26 |    31 ||    57
Dodge: Dodged            |    44 |    61 ||   105
       Rpst.: Falchion   |    13 |    21 ||    34

Table legend: (Time is in decaauts)
 A = Elapsed time spent in this place.
 B = Non-inter-level travel time spent in this place.
 C = Inter-level travel time spent in this place.
 D = Time resting spent in this place.
 E = Time spent auto-exploring this place.
 F = Levels seen in this place.
 G = Mean time per level.
                   A        B        C        D        E       F      G
               +--------+--------+--------+--------+--------+-----+--------+
         Total |   1897 |   1857 |     40 |    283 |   1017 |   3 |  632.3 |
       Dungeon |   1897 |   1857 |     40 |    283 |   1017 |   3 |  632.3 |
               +--------+--------+--------+--------+--------+-----+--------+

Top non-repeatable levels by time:
     D:2: 832 daAuts
     D:3: 611 daAuts
     D:1: 453 daAuts

Table legend:
 A = Kills in this place as a percentage of kills in entire the game.
 B = Kills by you in this place as a percentage of kills by you in the entire game.
 C = Kills by friends in this place as a percentage of kills by friends in the entire game.
 D = Other kills in this place as a percentage of other kills in the entire game.
 E = Experience gained in this place as a percentage of experience gained in the entire game.
 F = Experience gained in this place divided by the number of levels of this place that you have seen.
                   A       B       C       D       E      F
               +-------+-------+-------+-------+-------+----------------------
         Total | 100.0 | 100.0 |   N/A | 100.0 | 100.0 | 174.3
       Dungeon | 100.0 | 100.0 |   N/A | 100.0 | 100.0 | 174.3
               +-------+-------+-------+-------+-------+----------------------
